 Dungeon Crawl Stone Soup version 0.31.0-1-g2c135a0 (webtiles) character file.

Game seed: 6159502651461904336

76 jagoly the Trooper (level 4, -2/30 HPs)
             Began as a Gargoyle Monk on Jan 28, 2024.
             Slain by Robin
             ... wielding a +0 trident
              (7 damage)
             ... on level 2 of the Dungeon.
             The game lasted 00:03:52 (607 turns).

jagoly the Trooper (Gargoyle Monk)                   Turns: 607, Time: 00:03:52

Health: -2/30      AC:  5    Str: 16    XL:     4   Next: 32%
Magic:  4/4        EV: 12    Int: 11    God:
Gold:   109        SH:  0    Dex: 12    Spells: 3/3 levels left

rFire   . . .        a - +0 hand axe
rCold   . . .        d - orb {light}
rNeg    + + .        b - +0 robe
rPois   ∞            (no helmet)
rElec   +            (no cloak)
rCorr   .            (no gloves)
SInv    .            (no boots)
Will    .....        (no amulet)
Stlth   +            g - ring of positive energy
HPRegen 0.25/turn    (no ring)
MPRegen 0.09/turn

%: no passive effects
@: glowing
A: sickness immunity, AC +3, negative energy resistance 1, electricity
resistance, torment resistance 1, petrification resistance
a: no special abilities


You were on level 2 of the Dungeon.
You visited 1 branch of the dungeon, and saw 4 of its levels.

You collected 109 gold pieces.

Inventory:

Hand Weapons
 a - a +0 hand axe (weapon)
 j - a +1 vampiric short sword
Missiles
 e - 9 stones (quivered)
 m - 2 curare-tipped darts
 o - a throwing net
Armour
 b - a +0 robe (worn)
 d - an orb of light (worn)
Jewellery
 g - a ring of positive energy (left hand)
Scrolls
 i - a scroll of teleportation {unknown}
 k - 3 scrolls of identify {unknown}
Potions
 c - a potion of ambrosia
 f - a potion of heal wounds {unknown}
 h - a potion of curing {unknown}
 l - a potion of lignification {unknown}
 n - a potion of mutation {unknown}


   Skills:
 + Level 4.4 Fighting
 + Level 3.6 Axes
 - Level 2.4 Dodging
 - Level 1.0 Stealth


You had 3 spell levels left.
You didn't know any spells.
Your spell library was empty.

Dungeon Overview and Level Annotations

Branches:
Dungeon (4/15) Zot: 23373
 Temple: D:4-7

Altars:
Elyvilon

Shops:
D:2 [

Annotations:
D:2 Robin


Innate Abilities, Weirdness & Mutations

You are immune to sickness and miasma.
Your stone body is resilient. (AC +3)
You are immune to poison.
You resist negative energy. (rN+)
You are resistant to electric shocks. (rElec)
You are resistant to unholy torment.
You are immune to petrification.


Message History

The kobold barely misses you.
You hit the kobold.
You kill the kobold!
You hit the ball python but do no damage.
The ball python closely misses you. The ball python grabs you.
The ball python constricts you.
The ball python bites you but does no damage.
The ball python constricts you.
You hit the ball python but do no damage.
The ball python bites you. The ball python constricts you.
You hit the ball python.
You kill the ball python!
The quokka barely misses you.
You hit the quokka but do no damage. The quokka barely misses you.
You hit the quokka.
The quokka is severely wounded.
The quokka bites you. x2
* * * LOW HITPOINT WARNING * * *
You are too injured to fight recklessly!
You are too injured to fight recklessly!
You are too injured to fight recklessly!
Cleave: a) +0 hand axe
Press: ? - help, Dir - move target, f - quokka
Aim: a quokka (severely wounded, haloed, about 32% to evade your +0 hand axe)
You hit the quokka.
You kill the quokka!
You have reached level 3!
Your experience leads to an increase in your attributes!
Increase (S)trength, (I)ntelligence, or (D)exterity?
You feel stronger. x2
Found a stone staircase leading up.
Things that are here:
a +1 vampiric short sword; a quokka corpse; a ball python corpse
j - a +1 vampiric short sword You now have 56 gold pieces (gained 15).
k - a scroll labelled JIEBLO ODYODGH
Things that are here:
a quokka corpse; a ball python corpse
There is a stone staircase leading up here.
You climb upwards.
Robin shouts!
The goblin shouts! x6; You hear a shout!
The goblin unwields a +0 dagger.
The goblin wields a +0 sling.
The goblin shoots a sling bullet.
The sling bullet hits you but does no damage.
A goblin comes into view. It is wielding a +0 dagger.
Robin throws the goblin at you!
A hobgoblin comes into view.
The goblin shouts!
There is a stone staircase leading down here.
You hit the goblin.
The goblin is moderately wounded.
You hear a shout!
The goblin hits you but does no damage.
Robin roars a battlecry!
The goblins go into a battle-frenzy!
The goblin shoots a sling bullet.
The sling bullet closely misses you.
You hear a shout!
The goblin closely misses you. Robin throws the goblin at you!
The goblin shoots a sling bullet.
The sling bullet hits you.
You climb downwards.
There is a stone staircase leading up here.
You slash the goblin!
You kill the goblin!
No target in view!
No target in view!
Found 8 gold pieces.
Found a stone staircase leading down.
A frilled lizard comes into view.
The frilled lizard moves out of view.
You see here 8 gold pieces.
You barely miss the frilled lizard. The frilled lizard barely misses you.
You closely miss the frilled lizard.
The frilled lizard bites you but does no damage.
You hit the frilled lizard but do no damage.
The frilled lizard barely misses you.
You completely miss the frilled lizard. The frilled lizard misses you.
The frilled lizard bites you but does no damage.
You hit the frilled lizard.
You kill the frilled lizard!
No target in view!
No target in view!
You now have 64 gold pieces (gained 8).
HP restored.
There is a stone staircase leading down here.
You climb downwards.
Found three items.
There is a stone staircase leading up here.
You hit the adder but do no damage. The adder barely misses you.
You slash the adder!
The adder is severely wounded.
The adder misses you.
You closely miss the adder.
The adder is severely wounded.
The adder barely misses you. The adder bites you but does no damage.
You barely miss the adder.
The adder is severely wounded.
The adder closely misses you.
You hit the adder but do no damage.
The adder is severely wounded.
The adder misses you. The adder bites you but does no damage.
You barely miss the adder.
The adder is severely wounded.
The adder barely misses you. The adder bites you but does no damage.
You closely miss the adder.
The adder is severely wounded.
A gnoll comes into view. It is wielding a +0 club.
A gnoll comes into view.
It is wielding a +0 spear and quivering 2 throwing nets.
The adder completely misses you.
The gnoll shouts! x2
You hit the adder but do no damage.
The adder is severely wounded.
You hear a shout! x2
The adder bites you but does no damage. x2
You slash the adder!
You kill the adder!
You hit the gnoll but do no damage. The gnoll hits you but does no damage.
A goblin comes into view. It is wielding a +0 dagger.
The gnoll hits you from afar with a +0 spear.
Your Fighting skill increases to level 4!
The gnoll hits you but does no damage.
The gnoll hits you from afar with a +0 spear.
You climb upwards.
There is a stone staircase leading down here.
Cleave: a) +0 hand axe
Press: ? - help, Dir - move target, f - gnoll
Aim: a gnoll, wielding a +0 club (haloed, about 17% to evade your +0 hand axe)
You slash the gnoll!
The gnoll is heavily wounded.
The gnoll closely misses you.
Cleave: a) +0 hand axe
Press: ? - help, Dir - move target, f/p - gnoll
Aim: a gnoll, wielding a +0 club (heavily wounded, haloed, about 17% to evade your +0 hand axe)
You hit the gnoll.
The gnoll is almost dead.
The gnoll closely misses you.
Cleave: a) +0 hand axe
Press: ? - help, Dir - move target, f/p - gnoll
Aim: a gnoll, wielding a +0 club (almost dead, haloed, about 17% to evade your +0 hand axe)
You hit the gnoll.
The gnoll is almost dead.
The gnoll closely misses you.
Cleave: a) +0 hand axe
Press: ? - help, Dir - move target, f/p - gnoll
Aim: a gnoll, wielding a +0 club (almost dead, haloed, about 17% to evade your +0 hand axe)
You hit the gnoll.
You kill the gnoll!
Things that are here:
a +0 club; a gnoll corpse
Found 4 large rocks.
Found a fizzy purple potion.
You see here 4 large rocks.
Found a mace and 2 curare-tipped darts.
l - a fizzy purple potion You see here 2 curare-tipped darts.
m - 2 curare-tipped darts HP restored.
HP restored.
Found 6 gold pieces.
You now have 70 gold pieces (gained 6).
A ball python comes into view.
The ball python hisses angrily.
A ball python is nearby!
You hit the ball python but do no damage.
The ball python barely misses you. The ball python grabs you.
The ball python constricts you.
You hit the ball python.
You kill the ball python!
No target in view!
You see here a ball python corpse.
There is a stone staircase leading up here.
You climb upwards.
Level annotation: Robin
There is a stone staircase leading down here.
You now have 78 gold pieces (gained 8).
There is an entrance to Qagg's Antique Armour Boutique here.
You can access your shopping list by pressing '$'.
Found a robe.
Found 11 gold pieces.
A ball python skeleton comes into view.
A bat zombie and a bat come into view.
An adder skeleton comes into view.
The bat hits you but does no damage. The ball python skeleton misses you.
The ball python skeleton grabs you.
The ball python skeleton constricts you.
The bat zombie hits you but does no damage.
The adder skeleton moves out of view.
You hit the ball python skeleton but do no damage.
You hit the bat.
You kill the bat!
You hit the bat zombie. The bat zombie hits you.
The bat zombie closely misses you.
The ball python skeleton closely misses you.
The ball python skeleton constricts you.
The bat zombie hits you but does no damage.
You hit the ball python skeleton.
The ball python skeleton is heavily damaged.
You hit the bat zombie. The bat zombie barely misses you.
The bat zombie closely misses you.
The ball python skeleton bites you but does no damage.
The ball python skeleton constricts you.
The bat zombie barely misses you.
You hit the ball python skeleton.
You destroy the ball python skeleton!
You hit the bat zombie. The bat zombie misses you.
The bat zombie hits you but does no damage. x2
You hit the bat zombie.
You destroy the bat zombie!
You barely miss the adder skeleton. The adder skeleton barely misses you.
You slash the adder skeleton!
The adder skeleton is heavily damaged.
The adder skeleton bites you.
You hit the adder skeleton.
The adder skeleton is almost destroyed.
The adder skeleton bites you but does no damage.
The adder skeleton closely misses you.
You slash the adder skeleton!
You destroy the adder skeleton!
No target in view!
You now have 89 gold pieces (gained 11).
A kobold comes into view. It is wielding a +0 short sword.
The kobold shouts!
The kobold throws a stone.
The stone hits you but does no damage. The kobold misses you.
You slash the kobold!
You kill the kobold!
No target in view!
No target in view!
e - 5 stones (gained 3)
Things that are here:
a +0 short sword; a kobold corpse
Found a fuming pink potion.
A ball python zombie comes into view.
Found a scroll labelled JIEBLO ODYODGH.
A hobgoblin comes into view.
Found a throwing net.
You see here a fuming pink potion.
n - a fuming pink potion An endoplasm comes into view.
The endoplasm quivers.
The ball python zombie completely misses you.
The ball python zombie closely misses you.
You hit the ball python zombie.
The ball python zombie is moderately damaged.
The ball python zombie closely misses you.
The ball python zombie grabs you. The ball python zombie constricts you.
You hit the ball python zombie.
The ball python zombie is severely damaged.
The ball python zombie bites you but does no damage.
The ball python zombie constricts you.
You hit the ball python zombie.
You destroy the ball python zombie!
You hit the hobgoblin. The hobgoblin closely misses you.
You hit the hobgoblin.
The hobgoblin is severely wounded.
The hobgoblin closely misses you. x2
You hit the hobgoblin.
You kill the hobgoblin!
You hit the endoplasm but do no damage. The endoplasm freezes you.
You are frozen.
You hit the endoplasm but do no damage.
The endoplasm hits you but does no damage.
You hit the endoplasm.
You kill the endoplasm!
You have reached level 4!
You feel clever.
A kobold comes into view. It is wielding a +0 dagger.
Found 10 gold pieces and a scroll labelled JIEBLO ODYODGH.
The kobold shouts!
A quokka skeleton comes into view.
The kobold throws a stone.
The stone barely misses you.
The kobold throws a stone.
The stone hits you but does no damage.
A quokka skeleton comes into view.
You see here a scroll labelled JIEBLO ODYODGH.
You hit the kobold but do no damage. The kobold hits you with a +0 dagger.
You hit the kobold.
You kill the kobold!
You hit the quokka skeleton.
The quokka skeleton is almost destroyed.
The quokka skeleton barely misses you.
You slash the quokka skeleton!
You destroy the quokka skeleton!
The quokka skeleton barely misses you.
Things that are here:
a +0 dagger; 5 stones You hit the quokka skeleton.
The quokka skeleton is severely damaged.
The quokka skeleton barely misses you.
You slash the quokka skeleton!
You destroy the quokka skeleton!
No target in view!
No target in view!
k - 2 scrolls labelled JIEBLO ODYODGH (gained 1)
o - a throwing net
e - 10 stones (gained 5)
You see here a +0 dagger.
k - 3 scrolls labelled JIEBLO ODYODGH (gained 1)
You now have 99 gold pieces (gained 10).
Found 10 gold pieces.
You now have 109 gold pieces (gained 10).
Throw: 10 stones
Press: ? - help, Q - select action, (/) - cycle Shift-Dir - straight line, f - goblin
Aim: a goblin, wielding a +0 dagger (wandering, hasn't noticed you, 47% to hit)
You throw a stone. The stone barely misses the goblin.
The goblin shouts!
You hear a shout!
You barely miss the goblin. The goblin closely misses you.
You hit the goblin.
You kill the goblin!
No target in view!
No target in view!
You see here a +0 dagger.
A hobgoblin comes into view.
A hobgoblin is nearby!
The hobgoblin shouts!
The hobgoblin hits you.
You barely miss the hobgoblin.
The hobgoblin hits you but does no damage.
You hit the hobgoblin.
You kill the hobgoblin!
No target in view!
No target in view!
You slash the withered plant!
The withered plant begins to crumble.
The withered plant is lightly damaged.
A ribbon worm comes into view.
The hobgoblin shouts!
Found a clear potion.
The goblin shouts!
You hear a shout! x2
The ribbon worm expels a string of sticky webbing.
The stream of webbing misses you.
A goblin comes into view. It is wielding a +0 dagger.
The goblin shouts!
The hobgoblin shouts!
You hit the ribbon worm.
The ribbon worm is lightly wounded.
You hear a shout!
The ribbon worm bites you but does no damage.
You hit the ribbon worm.
The ribbon worm is moderately wounded.
The ribbon worm expels a string of sticky webbing.
The stream of webbing hits you but does no damage.
You are caught in a web!
The web tears apart.
The ribbon worm barely misses you.
The ribbon worm expels a string of sticky webbing.
The stream of webbing hits you but does no damage.
You are caught in a web!
There is a web here.
The web tears apart.
The ribbon worm expels a string of sticky webbing.
The stream of webbing misses you.
The ribbon worm expels a string of sticky webbing.
The stream of webbing hits you but does no damage.
You are caught in a web!
There is a web here.
You struggle to detach yourself from the web.
You struggle to detach yourself from the web.
You struggle to detach yourself from the web.
The web tears apart.
You slash the goblin!
You kill the goblin!
No target in view!
No target in view!
You swing at nothing.
You hit the hobgoblin but do no damage. The hobgoblin barely misses you.
You hit the hobgoblin.
You kill the hobgoblin!
You barely miss the goblin. The goblin hits you but does no damage.
You hit the goblin.
You kill the goblin!
You hit the hobgoblin.
The hobgoblin is moderately wounded.
The hobgoblin closely misses you.
You hit the hobgoblin.
You kill the hobgoblin!
You hit the goblin but do no damage. The goblin hits you but does no damage.
You slash the goblin!
You kill the goblin!
The ribbon worm expels a string of sticky webbing.
The stream of webbing hits you but does no damage.
You are caught in a web!
The web tears apart.
You hit the ribbon worm.
The ribbon worm is lightly wounded.
The ribbon worm bites you.
You hit the ribbon worm but do no damage.
The ribbon worm is lightly wounded.
The ribbon worm expels a string of sticky webbing.
The stream of webbing misses you.
You hit the ribbon worm.
The ribbon worm is lightly wounded.
The ribbon worm misses you.
You hit the ribbon worm.
The ribbon worm is lightly wounded.
The ribbon worm bites you.
You hit the ribbon worm.
The ribbon worm is lightly wounded.
The ribbon worm expels a string of sticky webbing.
The stream of webbing hits you but does no damage.
You are caught in a web!
You struggle to detach yourself from the web.
The web tears apart.
The ribbon worm bites you but does no damage.
You hit the ribbon worm.
The ribbon worm is lightly wounded.
The ribbon worm expels a string of sticky webbing.
The stream of webbing hits you but does no damage.
You are caught in a web!
You struggle to detach yourself from the web.
The ribbon worm bites you.
The web tears apart.
The ribbon worm closely misses you.
You slash the ribbon worm!
The ribbon worm is heavily wounded.
The ribbon worm bites you.
You hit the ribbon worm.
The ribbon worm is heavily wounded.
The ribbon worm barely misses you.
You hit the ribbon worm.
The ribbon worm is almost dead.
You hit the ribbon worm.
You kill the ribbon worm!
No target in view!
Items here: )))) †††††.
Okay, then.
The goblin shouts!
The goblin shoots a sling bullet.
The sling bullet hits you but does no damage.
A goblin is nearby!
The goblin shoots a sling bullet.
The sling bullet hits you.
Robin shouts!
The goblin shouts!
Robin roars a battlecry!
The goblins go into a battle-frenzy!
Robin throws the goblin at you! The goblin hits you with a +0 club.
You slash the goblin!
You kill the goblin!
You slash the goblin!
You kill the goblin!
The goblin shoots a sling bullet.
The sling bullet closely misses you. Robin hits you with a +0 trident!
* * * LOW HITPOINT WARNING * * *
The goblin unwields a +0 sling.
The goblin wields a +0 dagger.
The goblin closely misses you.
Things that are here:
a +0 club; a +0 club; a goblin corpse Robin barely misses you.
The goblin unwields a +0 dagger.
The goblin wields a +0 sling.
The goblin shoots a sling bullet.
The sling bullet hits you but does no damage.
Robin throws the goblin at you!
You hit the goblin.
The goblin is severely wounded.
The goblin unwields a +0 sling.
The goblin wields a +0 dagger.
The goblin misses you.
You barely miss the goblin.
The goblin is severely wounded.
The goblin hits you with a +0 dagger.
* * * LOW HITPOINT WARNING * * *
Robin hits you but does no damage.
You hit the goblin.
You kill the goblin!
Robin hits you but does no damage. Robin hits you with a +0 trident.
* * * LOW HITPOINT WARNING * * *
You hit Robin.
Robin is lightly wounded.
Robin barely misses you.
You hit Robin.
Robin is lightly wounded.
Robin closely misses you. Robin barely misses you.
You barely miss Robin.
Robin is lightly wounded.
Robin barely misses you.
You hit Robin.
Robin is moderately wounded.
Robin hits you but does no damage.
You barely miss Robin.
Robin is moderately wounded.
Robin hits you with a +0 trident!
* * * LOW HITPOINT WARNING * * *
You hit Robin but do no damage.
Robin is moderately wounded.
Robin barely misses you.
Okay, then.
Cleave: a) +0 hand axe
Press: ? - help, Dir - move target, f - Robin
Aim: Robin, wielding a +0 trident, wearing a +0 leather armour and wearing a +0 helmet (moderately wounded, haloed, about 14% to evade your +0 hand axe)
You hit Robin but do no damage.
Robin is moderately wounded.
Robin barely misses you.
Cleave: a) +0 hand axe
Press: ? - help, Dir - move target, f/p - Robin
Aim: Robin, wielding a +0 trident, wearing a +0 leather armour and wearing a +0 helmet (moderately wounded, haloed, about 14% to evade your +0 hand axe)
You hit Robin.
Robin is heavily wounded.
Robin misses you.
Cleave: a) +0 hand axe
Press: ? - help, Dir - move target, f/p - Robin
Aim: Robin, wielding a +0 trident, wearing a +0 leather armour and wearing a +0 helmet (heavily wounded, haloed, about 14% to evade your +0 hand axe)
You hit Robin.
Robin is heavily wounded.
Robin hits you with a +0 trident!
You die...
Robin calls out, "Let's celebrate!
Time for a feast!"

## . !. ####### #. #.
##§..§.# #.##.# #..§§.§####
..... #.#§§§.§..# #...
######...§§..#)#
##..##.g@.).#######.#
#......###### #.#
.........### #.# ......#....#
#.# ......#....# ######.#
..... #....# #......# ...##
#..>.# #......#
............## #......#
####...#####......####)...#.#


You could see Robin.

Vanquished Creatures
  A gnoll (D:3)
  An adder (D:4)
  2 adder skeletons (D:2)
  An adder zombie (D:2)
  A dart slug (D:2)
  A ribbon worm (D:2)
  2 bats (D:2)
  2 bat skeletons (D:2)
  2 bat zombies (D:2)
  An endoplasm (D:2)
  8 goblins
  5 hobgoblins
  3 kobolds
  A quokka (D:3)
  4 ball pythons
  3 ball python skeletons (D:2)
  A ball python zombie (D:2)
  A frilled lizard (D:3)
  3 quokka skeletons (D:2)
  A rat (D:1)
44 creatures vanquished.

Notes
Turn   | Place    | Note
-------+----------+-------------------------------------------
     0 | D:1      | jagoly the Gargoyle Monk began the quest for the Orb.
     0 | D:1      | Reached XP level 1. HP: 14/14 MP: 1/1
    47 | D:2      | Reached XP level 2. HP: 14/19 MP: 2/2
    56 | D:2      | Reached skill level 1 in Stealth
    85 | D:2      | Found a white marble altar of Elyvilon.
   107 | D:2      | Found Qagg's Antique Armour Boutique.
   187 | D:3      | Reached XP level 3. HP: 13/24 MP: 3/3
   207 | D:2      | Noticed Robin
   255 | D:4      | Reached skill level 4 in Fighting
   418 | D:2      | Reached XP level 4. HP: 24/29 MP: 4/4
   607 | D:2      | Slain by Robin

Illustrated notes

Levels and vault maps discovered:
D:1:      onia_arrival_handbag, layout_loops_corners, minivault_24
D:2:      layout_rooms, serial_undead, serial_undead_b, serial_undead_b,
          serial_undead_f, serial_undead_f, serial_undead_c, serial_undead_b,
          serial_undead_a, serial_undead_a, serial_shops, shop, basic_altar,
          ebering_ecumenical_altar_sacrificial, minmay_pentomino_x2, uniq_robin
D:3:      layout_loops_ring, uniq_ijyb, uniq_grinder, uniq_sigmund
D:4:      layout_cave_pools, fedhas_altar_3, minmay_temple_entry_antechambers,
          uniq_duvessa

Skill      XL: |  1  2  3 |
---------------+----------+-----
Stealth        | 1 |  1.0
Axes           | 3 |  3.6
Fighting       | 4 |  4.4
Dodging        | |  2.4

Action                     |  1- 3 |  4- 6 || total
---------------------------+-------+-------++-------
  Melee: Hand axe          |    85 |    46 ||   131
  Throw: Stone             |       |     1 ||     1
 Armour: Robe              |    60 |    26 ||    86
  Dodge: Dodged            |    82 |    25 ||   107
